AoeStats
← 知耻而后勇喜笑颜开

Arabia

509037485Analyzed
1v1 RM · 7d ago on Sep 25, 2026· 22m 50s· 2 players
Game mode
Random Map
Map size
Tiny (2 player)
Population
200
Speed
Normal
Resources
Standard
Victory
Conquest
Starting age
Dark Age
Ending age
Imperial Age
RankedLock teamsTeams togetherTeam positionsShared explorationLock speedFull tech treeHidden civsTurbo modeCheats
Victory
Defeat
🇹🇼 Varangians · Taiwan
1440
+15
1428
-15
知耻而后勇喜笑颜开
7:37 Loom
10:10 Feudal Age
11:06 Double-Bit Axe
14:16 Castle Age
12:18 Horse Collar
13:33 Gold Mining
13:58 Scale Mail Armor
13:48 Man-at-Arms
15:14 Squires
16:48 Town Watch
18:18 Bow Saw
20:48 Wheelbarrow
Martin
7:00 Loom
7:34 Loom
9:59 Feudal Age
13:51 Castle Age
12:12 Double-Bit Axe
Connection lost

Rejoining the realm…

Still unreachable

The connection could not be restored.

Session expired

The server has moved on; the page needs a fresh start.